AoeStats
← mdave88

Arena

509407891Analyzed
3v3 RM · 5d ago on Sep 26, 2026· 72m 41s· 6 players
Game mode
Random Map
Map size
Normal (6 player)
Population
200
Speed
Normal
Resources
Standard
Victory
Conquest
Starting age
Dark Age
Ending age
Imperial Age
RankedLock teamsTeams togetherTeam positionsShared explorationLock speedFull tech treeHidden civsTurbo modeCheats
Victory
Defeat
🇹🇷 Ethiopians · Türkiye
900
+15
🇦🇷 Poles · Argentina
881
+16
🇨🇱 Slavs · Chile
844
+17
🇭🇺 Romans · Hungary
897
-17
🇭🇺 Magyars · Hungary
894
-17
🇭🇺 Huns · Hungary
837
-14
<Jericho 941>
0:43 Loom
11:10 Feudal Age
13:07 Man-at-Arms
15:12 Double-Bit Axe
16:26 Forging
18:39 Stone Mining
21:30 Castle Age
20:25 Gold Mining
20:29 Fletching
22:47 Bodkin Arrow
23:20 Crossbowman
34:14 Bow Saw
34:46 Wheelbarrow
33:57 Town Watch
35:15 Squires
37:26 Scale Barding Armor
39:11 Ballistics
41:07 Horse Collar
42:53 Fortified Wall
44:38 Heavy Plow
46:09 Murder Holes
46:34 Hand Cart
47:03 Gold Shaft Mining
49:56 Imperial Age
50:07 Sanctity
50:19 Chain Barding Armor
50:35 Iron Casting
50:40 Masonry
50:34 Husbandry
50:44 Bloodlines
51:57 Chemistry
51:24 Heavy Scorpion
52:34 Town Patrol
53:12 Plate Barding Armor
53:44 Blast Furnace
53:57 Block Printing
54:14 Illumination
56:21 Conscription
55:23 Elite Boyar
56:08 Detinets
64:16 Siege Engineers
67:24 Capped Ram
69:37 Siege Ram
70:59 Crop Rotation
SevenLives <3
12:33 Loom
14:18 Feudal Age
15:37 Double-Bit Axe
15:33 Horse Collar
15:46 Gold Mining
17:53 Town Watch
18:44 Wheelbarrow
21:04 Castle Age
20:49 Fletching
20:59 Padded Archer Armor
22:16 Crossbowman
23:03 Arson
23:47 Bow Saw
24:21 Bodkin Arrow
24:41 Leather Archer Armor
24:31 Town Patrol
26:00 Ballistics
26:17 Heavy Plow
28:32 Hand Cart
29:53 Forging
29:43 Scale Mail Armor
30:34 Thumb Ring
32:08 Squires
34:52 Imperial Age
33:15 Iron Casting
32:40 Scale Mail Armor
34:20 Gold Shaft Mining
34:21 Scale Mail Armor
35:02 Capped Ram
35:05 Arbalester
36:09 Bracer
38:04 Chemistry
39:54 Ring Archer Armor
43:26 Siege Ram
43:32 Onager
49:45 Halberdier
52:32 Blast Furnace
51:47 Chain Mail Armor
59:00 Light Cavalry
59:41 Husbandry
59:48 Scale Barding Armor
61:59 Hussar
64:46 Chain Barding Armor
joaqo9909
11:16 Feudal Age
14:11 Loom
16:58 Castle Age
15:07 Horse Collar
20:55 Forging
21:48 Heavy Plow
24:14 Double-Bit Axe
25:52 Iron Casting
26:27 Wheelbarrow
31:41 Imperial Age
29:37 Scale Mail Armor
31:24 Bloodlines
31:22 Scale Barding Armor
32:43 Chain Mail Armor
35:49 Hand Cart
35:45 Light Cavalry
35:48 Elite Obuch
39:13 Blast Furnace
39:24 Plate Mail Armor
38:31 Light Cavalry
40:10 Bow Saw
40:31 Arson
41:18 Winged Hussar
44:02 Chain Barding Armor
44:04 Masonry
mdave88
2:37 Loom
11:25 Feudal Age
15:44 Castle Age
16:45 Double-Bit Axe
21:19 Scale Barding Armor
23:12 Horse Collar
26:45 Gold Mining
30:43 Imperial Age
29:51 Bow Saw
30:12 Fletching
32:08 Pikeman
33:46 Conscription
34:54 Murder Holes
36:04 Corvinian Army
39:14 Padded Archer Armor
39:48 Ballistics
39:00 Elite Skirmisher
41:54 Wheelbarrow
42:20 Leather Archer Armor
44:07 Wheelbarrow
47:03 Two-Man Saw
50:02 Hand Cart
57:49 Heavy Plow
62:20 Chemistry
Zoleey
4:50 Loom
10:46 Feudal Age
17:25 Castle Age
15:53 Horse Collar
16:45 Double-Bit Axe
21:46 Bow Saw
22:50 Stone Mining
23:55 Heavy Plow
24:34 Husbandry
25:24 Bloodlines
26:12 Fletching
26:35 Forging
27:40 Scale Barding Armor
27:34 Bodkin Arrow
27:54 Marauders
28:59 Murder Holes
30:32 Wheelbarrow
30:45 Chain Barding Armor
30:44 Light Cavalry
32:06 Gold Mining
33:15 Iron Casting
32:36 Bodkin Arrow
33:57 Padded Archer Armor
35:04 Ballistics
35:05 Thumb Ring
36:36 Leather Archer Armor
40:39 Imperial Age
38:26 Hand Cart
38:47 Masonry
41:49 Parthian Tactics
41:20 Elite Skirmisher
42:43 Capped Ram
43:39 Heavy Cavalry Archer
44:27 Siege Ram
49:43 Conscription
49:34 Hussar
51:30 Bracer
52:09 Plate Barding Armor
52:35 Blast Furnace
63:43 Caravan
67:27 Squires
66:47 Pikeman
Joe
10:29 Feudal Age
14:48 Castle Age
13:59 Stone Mining
20:19 Double-Bit Axe
23:34 Wheelbarrow
23:18 Scale Mail Armor
24:00 Forging
24:27 Bow Saw
25:30 Chain Mail Armor
25:22 Squires
26:19 Man-at-Arms
28:09 Iron Casting
28:06 Hand Cart
27:46 Fletching
28:50 Gold Mining
28:52 Long Swordsman
32:01 Pikeman
37:29 Imperial Age
36:12 Scale Barding Armor
37:36 Ballistas
37:43 Heavy Scorpion
41:39 Capped Ram
42:31 Siege Ram
43:43 Comitatenses
43:43 Conscription
42:46 Legionary
45:48 Padded Archer Armor
45:44 Bodkin Arrow
47:56 Leather Archer Armor
47:02 Elite Skirmisher
49:31 Ballistics
50:11 Chemistry
49:17 Siege Engineers
49:40 Onager
52:07 Ring Archer Armor
52:38 Blast Furnace
56:53 Elite Centurion
63:26 Caravan
69:16 Chain Barding Armor
70:46 Plate Barding Armor
Connection lost

Rejoining the realm…

Still unreachable

The connection could not be restored.

Session expired

The server has moved on; the page needs a fresh start.